 Dungeon Crawl Stone Soup version 0.29.1-15-g9cfb28693d (webtiles) character file.

Game seed: 1379418865963658605

102 Eryximachus the Firebug (level 4, -2/24 HPs)
             Began as a Gargoyle Fire Elementalist on Mar 20, 2023.
             Slain by Terence
             ... wielding a +0 flail
              (5 damage)
             ... on level 2 of the Dungeon.
             The game lasted 00:10:53 (2972 turns).

Eryximachus the Firebug (GrFE)                      Turns: 2972, Time: 00:10:54

Health: -2/24      AC:  6    Str:  8    XL:     4   Next: 77%
Magic:  3/8        EV: 12    Int: 18    God:
Gold:   161        SH:  0    Dex: 15    Spells: 6/9 levels left

rFire   . . .      SeeInvis .   a - +4 dagger
rCold   + . .      Faith    .   (no shield)
rNeg    + . .      Spirit   .   m - +0 robe
rPois   ∞          Reflect  .   (no helmet)
rElec   +          Harm     .   (no cloak)
rCorr   .          Rampage  .   k - +0 pair of gloves of the Cricket {rC+ Str-3 Dex+5}
Will    .....                   (no boots)
Stlth   ++........              (no amulet)
HPRegen 0.08/turn               (no ring)
MPRegen 0.11/turn               (no ring)

@: no status effects
A: sickness immunity, AC +3, negative energy resistance 1, electricity
resistance, torment resistance 1, petrification resistance
a: no special abilities


You were on level 2 of the Dungeon.
You visited 1 branch of the dungeon, and saw 3 of its levels.

You collected 161 gold pieces.


Innate Abilities, Weirdness & Mutations

You are immune to sickness and miasma.
Your stone body is resilient. (AC +3)
You are immune to poison.
You resist negative energy. (rN+)
You are resistant to electric shocks. (rElec)
You are resistant to unholy torment.
You are immune to petrification.


   Skills:
 - Level 2.0 Dodging
 - Level 3.0 Stealth
 - Level 3.0 Spellcasting
 - Level 2.0 Conjurations
 + Level 3.8 Fire Magic


You had 6 spell levels left.
You knew the following spells:

 Your Spells              Type           Power      Damage    Failure   Level
f - Foxfire               Conj/Fire      52%        2x1d6     4%          1
X - Scorch                Fire           32%        2d6       5%          2

Your spell library contained the following spells:

 Spells                   Type           Power      Damage    Failure   Level
 Beastly Appendage        Tmut           4%         N/A       16%         1
 Conjure Flame            Conj/Fire      13%        6-21      16%         3
 Inner Flame              Hex/Fire       9%         N/A       22%         3
 Wereblood                Tmut           2%         N/A       24%         2
 Spider Form              Tmut/Pois      2%         N/A       43%         3
 Flame Wave               Conj/Fire      13%        2d6       45%         4

Inventory:

Hand Weapons
 a - a +4 dagger (weapon)
Missiles
 h - 35 stones
Armour
 k - the +0 pair of gloves of the Cricket (worn) {rC+ Str-3 Dex+5}
   (You found it on level 2 of the Dungeon)

   Str:       It affects your strength (-3).
   Dex:       It affects your dexterity (+5).
   rC:        It protects you from cold.
 m - a +0 robe (worn)
Magical Staves
 b - a staff of fire {!a}
Wands
 d - a wand of acid (9)
Scrolls
 c - 4 scrolls of identify {unknown}
 e - a scroll of amnesia {unknown}
 i - 2 scrolls of teleportation {unknown}
 j - a scroll of fear {unknown}
 l - 2 scrolls of noise {unknown}
Potions
 f - a potion of magic
 g - 2 potions of curing {unknown}

Dungeon Overview and Level Annotations

Branches:
Dungeon (3/15)

Altars:
Elyvilon

Shops:
D:1 [   D:3 :

Annotations:
D:2 Terence

.............####................
.....>.......######.#..##........
.............##.(.#...####.......
.........................#.......
#..........####..................
##############..########.........
####...### ##........ #........#
###........ #####.##...#@##
#..........
##.....##...#>@#####.#........
##.......######....#..#........
#.........# ##................
#.........# #..####...........
#.........####.##..............
#.........#.........#..........
#...........##.#####..[.)...###
##.......#####..............#


You could see Terence.


Message History

Terence is lightly wounded.
Terence's fire resistance burns away.
Casting: Scorch (safe; 5% risk of failure)
Confirm with . or Enter, or press ? or * to list all spells.
Flames lash Terence but do no damage.
A kobold comes into view. It is wielding a +1 whip of draining.
Terence hits you with a +0 flail.
Casting: Scorch (safe; 5% risk of failure)
Confirm with . or Enter, or press ? or * to list all spells.
You conjure some foxfire!
Terence closely misses you. Terence attacks as you move away!
Terence closely misses you.
Terence is no longer more vulnerable to fire.
The foxfire hits Terence but does no damage.
Terence is lightly wounded.
The foxfire hits Terence but does no damage.
Terence is lightly wounded.
You see here a +0 hand axe.
Terence attacks as you move away! Terence closely misses you.
Your magical contamination has completely faded away.
Terence bares his teeth.
Terence attacks as you move away! Terence hits you with a +0 flail!
* * * LOW HITPOINT WARNING * * *
Terence attacks as you move away! Terence barely misses you.
There is a stone staircase leading up here.
Terence hits you with a +0 flail!
* * * LOW HITPOINT WARNING * * *
You climb upwards.
There is a stone staircase leading down here.
Terence hits you with a +0 flail.
You die...

Skill      XL: |  1  2  3  4 |
---------------+-------------+-----
Dodging        | 2 |  2.0
Conjurations   | 2 |  2.0
Stealth        | 3 |  3.0
Spellcasting   | 3 |  3.0
Fire Magic     | |  3.8

Action                   |  1- 3 |  4- 6 || total
-------------------------+-------+-------++-------
Melee: Short sword       |    24 |       ||    24
       Dagger            |    15 |     8 ||    23
       Punch             |     1 |       ||     1
 Cast: Foxfire           |    45 |     7 ||    52
       Scorch            |     7 |     4 ||    11
 Stab: Sleeping          |     1 |       ||     1
Armor: Robe              |    13 |     3 ||    16
       Skin              |    11 |       ||    11
Dodge: Dodged            |    21 |     8 ||    29

Levels and vault maps discovered:
D:1:      elethiomel_arrival_infinity_welcomes_careful_drivers,
          layout_loops_ring, shapermc_ecumenical_altar_flowoftime, serial_shops,
          shop
D:2:      layout_rooms, minmay_tetromino_t2
D:3:      layout_rooms, amcnicky_altar_gilded, kennysheep_pointless_box,
          nicolae_shop_vocational, uniq_terence, uniq_ijyb

Notes
Turn   | Place    | Note
-------+----------+-------------------------------------------
     0 | D:1      | Eryximachus the Gargoyle Fire Elementalist began the quest
                  | for the Orb.
     0 | D:1      | Reached XP level 1. HP: 10/10 MP: 3/3
   115 | D:1      | Found Luteysk's Armour Shop.
   361 | D:1      | Reached XP level 2. HP: 15/15 MP: 0/5
   765 | D:1      | Found a faded altar of an unknown god.
   961 | D:1      | Learned a level 2 spell: Scorch
  1153 | D:1      | Reached XP level 3. HP: 19/19 MP: 4/6
  2050 | D:2      | Identified the +0 pair of gloves of the Cricket {rC+ Str-3
                  | Dex+5}
  2156 | D:2      | Reached skill level 2 in Dodging
  2494 | D:3      | Reached skill level 2 in Conjurations
  2582 | D:3      | Found a white marble altar of Elyvilon.
  2584 | D:3      | Noticed Ijyb
  2607 | D:3      | Killed Ijyb
  2608 | D:3      | Reached skill level 3 in Stealth
  2608 | D:3      | Reached XP level 4. HP: 24/24 MP: 1/8
  2835 | D:3      | Found Qeewkaopn's Vocational Training.
  2839 | D:3      | Reached skill level 3 in Spellcasting
  2950 | D:3      | Noticed Terence
  2972 | D:2      | Slain by Terence

Vanquished Creatures
  Ijyb (D:3)
  2 adders (D:3)
  A worm (D:2)
  3 dart slugs
  5 ball pythons
  8 endoplasms
  2 giant cockroaches
  4 goblins
  4 hobgoblins
  2 jackals (D:1)
  3 kobolds
  2 quokkas (D:2)
  A bat (D:3)
  A frilled lizard (D:1)
  7 rats
46 creatures vanquished.

Vanquished Creatures (others)
  86 foxfires
86 creatures vanquished.

Grand Total: 132 creatures vanquished

Table legend: (Time is in decaauts)
 A = Elapsed time spent in this place.
 B = Non-inter-level travel time spent in this place.
 C = Inter-level travel time spent in this place.
 D = Time resting spent in this place.
 E = Time spent auto-exploring this place.
 F = Levels seen in this place.
 G = Mean time per level.
                   A        B        C        D        E       F      G
               +--------+--------+--------+--------+--------+-----+--------+
         Total |   2969 |   2909 |     60 |   1027 |   1262 |   3 |  989.7 |
       Dungeon |   2969 |   2909 |     60 |   1027 |   1262 |   3 |  989.7 |
               +--------+--------+--------+--------+--------+-----+--------+

Top non-repeatable levels by time:
     D:1: 1502 daAuts
     D:2: 981 daAuts
     D:3: 485 daAuts

Table legend:
 A = Non-vault XP
 B = Vault XP
 C = Vault XP percentage of total XP
 D = Non-vault monster count
 E = Vault monster count
 F = Vault count percentage of total count
                 A         B        C        D         E       F
            +---------+---------+-------+---------+---------+-------
      Total |     108 |      38 |  26.0 |      44 |       2 |   4.3
            +---------+---------+-------+---------+---------+-------
        D:1 |      38 |       0 |   0.0 |      19 |       0 |   0.0
        D:2 |      30 |       2 |   6.2 |      15 |       1 |   6.2
        D:3 |      40 |      36 |  47.4 |      10 |       1 |   9.1
            +---------+---------+-------+---------+---------+-------
